cohdb
Replays
Latest Replays
All Replays
Popular Replays
Top Player Replays
Match Explorer
How It Works
Community
CoH3 Stats
Reddit
Sign in to upload your games and track your stats! →
Sign in with Steam
Match 46835730
Unlisted
Match 46835730
Overview
Messages
Build Orders
End
Pioneer Squad
Construct Infanterie Kompanie
MG 42 Machine Gun Team
Grenadier Squad
Grenadier Squad
Grenadier Squad
Construct Luftwaffe Kompanie
Support Elements
Medical Bunker
Wirbelwind Flakpanzer
Jäger Squad
Luftwaffe Officer Quarters
Jäger Squad
Selects Breakthrough Battlegroup
Selects Rapid Production
Selects Blitzkrieg
Jäger Squad
Construct Panzer Kompanie
Sturmpanzer IV Brummbär
Selects Tiger Heavy Tank
Jäger Squad
Selects Assault Grenadiers
Selects Smoke Bombing Run
Smoke Bombing Run
Jäger Squad
Selects Incendiary Bombing Run
T.R. Olvadi
Makros
Vulpes
Personal Iroha Cushion
0
0
Comments
sign in to comment!
No comments posted yet!